 Dungeon Crawl Stone Soup version 0.17-a0-346-g4a5ca9a (webtiles) character file.

587 PolkaDot the Vexing (level 7, -3/55 HPs)
             Began as a Vampire Enchanter on Mar 31, 2015.
             Was an Initiate of Ashenzari.
             Slain by a worker ant (5 damage)
             ... on level 4 of the Dungeon.
             The game lasted 00:13:25 (3734 turns).

PolkaDot the Vexing (Vampire Enchanter)             Turns: 3734, Time: 00:13:25

Health: -3/55      AC:  4    Str:  7      XL:     7   Next: 15%
Magic:  2/9        EV: 12    Int: 19      God:    Ashenzari [......]
Gold:   131        SH:  0    Dex: 10 (14) Spells: 3 memorised, 4 levels left

rFire  . . .     SeeInvis +     a - +1 dagger
rCold  + + .     Clarity  +     b - +1 robe (curse)
rNeg   + + +     SustAb   .     (no shield)
rPois  ∞         Gourm    .     (no helmet)
rElec  .         Spirit   .     l - +0 cloak
rCorr  .         Warding  .     (no gloves)
rMut   +         Stasis   .     (no boots)
MR     +....                    h - amulet of resist mutation
Stlth  ++++......               (no ring)
                                m - ring of protection from magic

@: bloodless, non-regenerating, somewhat resistant to hostile enchantments,
stealthy
A: fangs 3, see invisible, clarity, unbreathing
a: Bat Form, Renounce Religion


You were on level 4 of the Dungeon.
You worshipped Ashenzari.
Ashenzari was noncommittal.
You were bloodless.

You visited 1 branch of the dungeon, and saw 4 of its levels.

You collected 131 gold pieces.

Inventory:

Hand weapons
 a - a +1 dagger (weapon)
Armour
 b - a cursed +1 robe (worn)
 l - a +0 cloak (worn)
Jewellery
 h - an amulet of resist mutation (around neck)
 m - a ring of protection from magic (left hand)
 t - an uncursed ring of protection from magic
 u - an uncursed ring of see invisible
Magical devices
 f - a wand of magic darts (10)
 s - a wand of flame (14)
 v - a wand of digging (13)
Scrolls
 e - a scroll of identify
 g - a scroll of recharging
 i - a scroll of amnesia
 j - a scroll of remove curse
Potions
 n - a potion of resistance
Books
 c - a book of Maledictions

   Spells                             Type                      Level
   a - Corona                         Hexes                        1
   b - Ensorcelled Hibernation        Hexes/Ice                    2
   c - Confuse                        Hexes                        3
   d - Dazzling Spray                 Conjuration/Hexes            3
   e - Enslavement                    Hexes                        4


   Skills:
 + Level 4.5 Fighting
 - Level 2.4 Short Blades
 - Level 2.1 Dodging
 - Level 6.3 Stealth
 - Level 2.0 Spellcasting
 - Level 7.3 Hexes
 - Level 1.0 Ice Magic


You had 4 spell levels left.
You knew the following spells:

 Your Spells              Type           Power        Failure   Level  Hunger
a - Corona                Hex            ####...      1%          1    #......
c - Confuse               Hex            ####....     2%          3    ###....
d - Ensorcelled Hibernat  Hex/Ice        ###...       6%          2    ###....


Dungeon Overview and Level Annotations

Branches:
Dungeon (4/15)
 Temple: D:4-7

Altars:
Ashenzari
Okawaru
Trog
The Shining One

Annotations:
D:4 Edmund


Innate Abilities, Weirdness & Mutations

You do not heal naturally.
You are immune to poison.
You have razor-sharp teeth.
You have supernaturally acute eyesight.
You can survive without breathing.
You possess an exceptional clarity of mind.


Message History

The worker ant struggles to resist.
The worker ant twitches its antennae in your direction.
* * * LOW MAGIC WARNING * * *
The worker ant barely misses you.
Drink which item? (? for menu, Esc to quit)
Okay, then.
Read which item? (? for menu, Esc to quit)
Okay, then.
Unknown command.
Evoke which item? (* to show all) (? for menu, Esc to quit)
Okay, then.
Unknown command.
The worker ant barely misses you.
Edmund grinds his teeth, and then sighs.
The worker ant barely misses you.
There is a stone staircase leading up here.
The worker ant waves its antennae.
The worker ant bites you but does no damage.
The worker ant bites you.
You die...

# # # # # ###################
##*** #
...........a@..a@.#########...###
####...##########........##......
***#.#..<@...............##...###
>.(.......a..........##..###.##.^
#####..###.###...........###.##..
* #..# #.....####.####.##...... *
#..# #..##@##.@...##..#..##.. ***
#..# #..##.#.......#..#..##..
,,**#..# #..##.#.......#.........


You could see Edmund (inner flame) and 2 worker ants.

Vanquished Creatures
  Menkaure (D:4)
  An ogre (D:4)
  Blork the orc (D:4)
  A scorpion (D:4)
  A crimson imp (D:3)
  Crazy Yiuf (D:2)
  An iguana (D:3)
  3 worker ants
  3 adders
  7 giant geckos
  An ooze (D:3)
  2 ball pythons
  4 giant cockroaches
  4 hobgoblins
  4 jackals (D:1)
  8 kobolds
  A quokka (D:2)
  6 bats
  3 giant newts
  12 goblins
  9 rats
  A fungus (D:2)
75 creatures vanquished.

Notes
Turn   | Place    | Note
--------------------------------------------------------------
     0 | D:1      | PolkaDot, the Vampire Enchanter, began the quest for the Orb.
     0 | D:1      | Reached XP level 1. HP: 13/13 MP: 3/3
    94 | D:1      | Reached XP level 2. HP: 4/19 MP: 2/4
   185 | D:1      | Learned a level 2 spell: Ensorcelled Hibernation
   200 | D:1      | Reached skill level 5 in Hexes
   736 | D:1      | Reached skill level 5 in Stealth
  1024 | D:2      | Reached XP level 3. HP: 24/24 MP: 5/5
  1029 | D:2      | Learned a level 3 spell: Confuse
  1074 | D:2      | Found a bloodstained altar of Trog.
  1359 | D:2      | Found a glowing golden altar of the Shining One.
  1501 | D:2      | Found an iron altar of Okawaru.
  2061 | D:2      | Noticed Crazy Yiuf
  2066 | D:2      | Killed Crazy Yiuf
  2066 | D:2      | Reached skill level 6 in Hexes
  2066 | D:2      | Reached XP level 4. HP: 26/30 MP: 0/6
  2408 | D:3      | Reached skill level 1 in Ice Magic
  2465 | D:3      | Reached skill level 1 in Fighting
  2651 | D:3      | Reached XP level 5. HP: 34/37 MP: 1/7
  3004 | D:3      | Reached skill level 7 in Hexes
  3209 | D:4      | Noticed Blork the orc
  3224 | D:4      | Killed Blork the orc
  3224 | D:4      | Reached XP level 6. HP: 43/46 MP: 4/8
  3334 | D:4      | Noticed Menkaure
  3346 | D:4      | Killed Menkaure
  3509 | D:4      | Found a shattered altar of Ashenzari.
  3534 | D:4      | Noticed Edmund
  3552 | D:4      | Noticed an ogre
  3557 | D:4      | Became a worshipper of Ashenzari the Shackled
  3576 | D:4      | Killed an ogre
  3576 | D:4      | Reached XP level 7. HP: 52/54 MP: 5/9
  3592 | D:4      | Gained mutation: You possess an exceptional clarity of mind. [potion of mutation]
  3710 | D:4      | HP: 2/55 [worker ant (3)]
  3734 | D:4      | Slain by a worker ant

Action                   |  1- 3 |  4- 6 |  7- 9 || total
-------------------------+-------+-------+-------++-------
Melee: Dagger            |   125 |    81 |    11 ||   217
 Cast: Corona            |     5 |       |     1 ||     6
       Ensorcelled Hiber |    19 |     9 |     3 ||    31
       Confuse           |     1 |     5 |     3 ||     9
  Use: Potion            |     3 |       |     4 ||     7
       Scroll            |       |       |     4 ||     4
 Stab: Sleeping          |    22 |    18 |     1 ||    41
       Confused          |       |     5 |       ||     5
